Map: Golden Wall LE

Players

Trap

  • Race: Protoss Protoss
  • Spawn Location: 7:00

Reynor - Winner!

  • Race: Zerg Zerg
  • League: Master
  • Spawn Location: 5:00

Event: DreamHack SC2 Masters 2020 Fall

VOD

Have the link to the VOD?

Description

Time

  • Played on: Sept. 20, 2020, 2:23 p.m.
  • Length: 10:55

All games in this series

Show
View Real Time Build Order
Export as new Build Order

Trap Protoss 

Build Orders: 1 Gate Expand, Oracle Opening, Archon Immortal 

Get SALT Encoding   

  12  0:01  Probe  
  13  0:14  Pylon  
  13  0:17  Probe (Chrono Boost)  
  14  0:27  Probe (Chrono Boost)  
  15  0:32  Probe (Chrono Boost)  
  16  0:41  Gateway  
  16  0:44  Probe  
  16  0:49  Assimilator  
  17  0:56  Probe  
  18  1:08  Probe  
  19  1:20  Probe  
  20  1:27  Nexus  
  20  1:37  Cybernetics Core  
  20  1:40  Probe  
  20  1:46  Assimilator  
  21  1:52  Probe  
  22  1:57  Pylon  
  22  2:04  Probe  
  23  2:12  Adept (Chrono Boost)  
  23  2:14  Warp Gate  
  25  2:16  Probe  
  26  2:29  Stargate, Probe (Chrono Boost)  
  27  2:34  Adept  
  29  2:39  Probe (Chrono Boost)  
  31  2:44  Probe (Chrono Boost)  
  31  2:49  Probe (Chrono Boost)  
  33  2:52  Probe (Chrono Boost)  
  33  2:57  Probe x2 (Chrono Boost)  
  34  3:05  Probe, Stalker  
  38  3:07  Probe  
  38  3:10  Oracle (Chrono Boost)  
  39  3:18  Pylon  
  39  3:19  Probe  
  44  3:20  Probe  
  44  3:26  Gateway  
  44  3:31  Probe  
  44  3:32  Probe  
  46  3:37  Oracle (Chrono Boost)  
  49  3:47  Probe x2  
  51  3:48  Assimilator  
  51  3:50  Assimilator  
  51  3:54  Pylon  
  51  3:59  Probe x2  
  53  4:12  Oracle  
  56  4:19  Nexus  
  56  4:20  Probe x2  
  58  4:27  Pylon  
  58  4:32  Probe x2  
  58  4:33  Robotics Facility  
  58  4:38  Adept  
  62  4:45  Adept, Probe x2  
  64  4:47  Pylon  
  66  4:58  Forge  
  66  5:00  Probe x2  
  66  5:01  Twilight Council  
  68  5:08  Sentry x2  
  72  5:17  Probe x2  
  72  5:19  Shield Battery  
  70  5:23  Gateway  
  70  5:25  Gateway  
  70  5:29  Immortal  
  70  5:31  Probe (Chrono Boost)  
  70  5:33  Probe (Chrono Boost)  
  70  5:34  Probe (Chrono Boost)  
  77  5:37  Sentry, Charge  
  82  5:43  Probe x2 (Chrono Boost)  
  82  5:44  Protoss Ground Weapons Level 1 (Chrono Boost)  
  82  5:45  Probe (Chrono Boost)  
  82  5:48  Probe (Chrono Boost)  
  82  5:49  Probe  
  83  5:54  Probe  
  85  5:58  Shield Battery  
  85  5:59  Probe  
  85  6:01  Zealot, Probe  
  89  6:05  Sentry  
  89  6:06  Probe  
  90  6:11  Probe  
  90  6:12  Assimilator  
  90  6:13  Assimilator, Probe  
  90  6:18  Templar Archives, Pylon, Probe  
  93  6:19  Pylon  
  93  6:22  Pylon  
  93  6:36  Immortal, Probe x3  
  100  6:45  Psionic Storm  
  100  6:49  Gateway  
  100  6:51  Gateway  
  100  6:52  Gateway, Stalker  
  102  6:55  Gateway  
  102  6:58  High Templar  
  102  6:59  High Templar  
  106  7:02  Photon Cannon  
  106  7:03  Pylon  
  106  7:05  High Templar  
  108  7:13  Immortal (Chrono Boost)  
  108  7:17  Nexus  
  108  7:19  Pylon  
  112  7:26  Sentry  
  110  7:36  Cybernetics Core  
  110  7:43  High Templar x2  
  114  7:46  Protoss Ground Weapons Level 2 (Chrono Boost)  
  114  7:47  Photon Cannon  
  114  7:48  Photon Cannon  
  114  7:50  Photon Cannon  
  114  7:51  Photon Cannon  
  114  7:54  Photon Cannon  
  114  7:57  Photon Cannon  
  114  7:59  Probe x3, Photon Cannon  
  114  8:05  Fleet Beacon  
  117  8:16  High Templar x2  
  117  8:17  Zealot x5  
  131  8:21  Archon  
  131  8:24  Phoenix  
  125  8:30  Shield Battery  
  125  8:33  Shield Battery x2  
  125  8:34  Immortal (Chrono Boost)  
  125  8:35  Shield Battery  
  129  8:44  Probe x4  
  132  8:48  Assimilator  
  132  8:50  Assimilator  
  132  8:51  Zealot x2  
  132  8:54  High Templar x2  
  140  8:59  Zealot x3  
  146  9:07  Archon  
  146  9:10  Zealot  
  146  9:15  Zealot  
  146  9:16  Immortal (Chrono Boost)  
  141  9:30  Zealot x5  
  139  9:40  Robotics Facility  
  139  9:44  Shield Battery x2  
  137  9:52  Pylon  
  141  9:53  Pylon  
  121  10:33  Pylon  
  118  10:36  Pylon  
  118  10:38  Pylon  
  118  10:39  Pylon  
  118  10:40  Pylon  
  105  10:45  Pylon  
Show
View Real Time Build Order
Export as new Build Order

Reynor Zerg - Winner!

Build Orders: Hatch First, Swarm Host 

Get SALT Encoding   

  12  0:00  Drone  
  13  0:12  Overlord  
  13  0:17  Drone  
  14  0:31  Drone  
  15  0:45  Hatchery  
  15  0:49  Drone  
  15  0:52  Drone  
  16  0:57  Drone  
  17  1:05  Extractor  
  16  1:13  Spawning Pool  
  16  1:17  Drone  
  16  1:20  Drone  
  16  1:24  Drone  
  18  1:36  Drone  
  19  1:46  Drone  
  20  1:54  Overlord  
  20  2:00  Queen x2  
  24  2:01  Zergling x2  
  24  2:05  Zergling x2  
  26  2:08  Drone  
  27  2:15  Drone  
  27  2:18  Drone  
  29  2:26  Drone  
  29  2:28  Metabolic Boost  
  30  2:44  Drone x2, Hatchery  
  30  2:47  Drone  
  32  2:53  Drone  
  32  2:58  Overlord  
  33  3:01  Queen  
  33  3:04  Drone  
  36  3:17  Drone x4  
  36  3:19  Overlord  
  39  3:22  Queen  
  39  3:24  Zergling x2  
  39  3:26  Zergling x2  
  43  3:31  Spore Crawler  
  43  3:33  Zergling x2  
  43  3:35  Drone  
  44  3:41  Zergling x2  
  44  3:43  Drone x3  
  44  3:47  Drone x2  
  50  3:53  Drone  
  51  3:56  Overlord  
  51  3:57  Spore Crawler  
  51  3:59  Drone x3  
  53  4:04  Drone  
  53  4:08  Drone x2  
  53  4:09  Extractor  
  55  4:12  Drone  
  55  4:13  Drone  
  55  4:15  Drone  
  58  4:17  Drone x2  
  58  4:21  Spore Crawler  
  58  4:22  Queen  
  58  4:23  Zergling x2  
  62  4:26  Zergling x2  
  62  4:30  Drone  
  62  4:31  Drone x2  
  66  4:34  Overlord  
  66  4:37  Overlord  
  66  4:43  Roach Warren  
  65  4:47  Drone  
  65  4:50  Overlord  
  65  4:52  Queen  
  68  4:53  Drone x6  
  68  4:56  Spore Crawler  
  73  5:00  Lair  
  73  5:06  Extractor x2  
  73  5:07  Drone x3  
  73  5:08  Drone  
  73  5:09  Drone x2  
  73  5:11  Drone x2  
  79  5:14  Drone x3  
  79  5:18  Drone  
  82  5:22  Overlord  
  82  5:24  Evolution Chamber  
  81  5:31  Extractor  
  81  5:35  Overlord  
  80  5:37  Drone x2  
  80  5:40  Overlord  
  82  5:43  Drone x5  
  82  5:44  Drone  
  82  5:45  Overlord  
  82  5:47  Extractor  
  82  5:48  Hatchery  
  86  5:51  Extractor  
  85  5:57  Overseer  
  85  5:58  Glial Reconstitution  
  85  6:00  Zerg Missile Weapons Level 1  
  85  6:05  Drone x2  
  85  6:08  Roach x8  
  100  6:13  Overlord  
  100  6:18  Drone x6  
  103  6:21  Overlord  
  106  6:26  Overlord  
  106  6:28  Roach x3  
  106  6:30  Infestation Pit  
  111  6:33  Roach x2  
  111  6:36  Overlord  
  117  6:40  Roach  
  117  6:41  Hatchery  
  116  7:03  Drone  
  116  7:05  Swarm Host  
  116  7:06  Nydus Network, Swarm Host x6  
  116  7:08  Zergling x6  
  140  7:11  Swarm Host  
  140  7:12  Overlord  
  143  7:18  Pneumatized Carapace  
  143  7:20  Zergling x4  
  143  7:21  Overlord  
  144  7:31  Swarm Host x3  
  144  7:36  Zergling x4  
  154  7:40  Overlord  
  154  7:45  Overseer  
  154  7:46  Drone x7  
  154  7:49  Nydus Canal  
  161  7:52  Overlord  
  161  7:54  Extractor x2  
  161  7:55  Swarm Host x3  
  161  7:58  Overlord  
  168  8:00  Drone x3  
  168  8:02  Roach x2, Zergling x2, Spore Crawler  
  175  8:06  Overlord  
  175  8:12  Roach x3  
  183  8:13  Roach  
  183  8:17  Nydus Canal  
  183  8:23  Drone x4  
  187  8:27  Zerg Missile Weapons Level 2  
  187  8:28  Ravager x2  
  187  8:29  Roach x2  
  187  8:30  Roach, Zergling x10  
  199  8:38  Spine Crawler  
  199  8:39  Spine Crawler  
  197  8:43  Nydus Canal  
  197  8:46  Ravager  
  197  8:47  Ravager  
  199  8:52  Hatchery  
  198  9:00  Spine Crawler x2  
  198  9:01  Spine Crawler  
  195  9:03  Overlord x3  
  184  9:13  Roach x6  
  191  9:17  Roach, Zergling x2  
  191  9:22  Roach x2, Zergling x10  
  193  9:25  Roach x2, Zergling x4  
  191  9:31  Roach x2, Zergling x4  
  191  9:34  Nydus Canal  
  187  9:39  Roach x4  
  187  9:43  Hive  
  195  9:47  Ravager x2  
  197  9:55  Roach  
  198  10:07  Zergling x8  
  198  10:08  Nydus Canal  
  198  10:14  Roach x4  
  189  10:22  Roach x7  
  189  10:24  Roach x5  
  189  10:27  Roach x2  
  189  10:28  Roach  
  199  10:32  Roach  
  199  10:33  Roach x3  
  192  10:36  Roach x2  
  199  10:46  Nydus Canal  

Tags
 
Add a new tag
Caveats
  • Supply blocks, unpowered buildings, or Contaminate may cause inaccurate times.
  • Supply counts are checked every 10 seconds.